 Dungeon Sprint DCSS version 0.13-a0-2995-g9a84c3d (webtiles) character file.

1600000 Misa the Slayer (level 15, -57/152 HPs)
             Began as a Centaur Monk on Sept 8, 2013.
             Was an Elder of Makhleb.
             Annihilated by a meat berserker
             ... wielding a +9,+9 battleaxe
              (74 damage)
             ... in the Dungeon (Sprint VIII: "Arena of Blood").
             The game lasted 00:01:04 (16 turns).

Misa the Slayer (Centaur Monk)                        Turns: 16, Time: 00:01:04

HP -57/152       AC  4     Str 15      XL: 15   Next: 63%
MP  10/10        EV 24     Int  9      God: Makhleb [****..]
Gold 0           SH  0     Dex 17      Spells:  0 memorised, 14 levels left

Res.Fire  : . . .   See Invis. : .   i - +∞ Axe of Woe
Res.Cold  : . . .   Warding    : .   a - +0 robe
Life Prot.: . . .   Conserve   : .   (no shield)
Res.Poison: .       Res.Corr.  : .   (no helmet)
Res.Elec. : .       Clarity    : .   (no cloak)
Sust.Abil.: . .     Spirit.Shd : .   (no gloves)
Res.Mut.  : .       Prev.Telep.: +   (no barding)
Res.Rott. : .       Flight     : .   (no amulet)
Saprovore : . . .                    (no ring)
                                     (no ring)

@: very quick, somewhat resistant to hostile enchantments, very stealthy
A: hooves 3, deformed body, herbivore 1, speed 2, fast metabolism 1, tough skin
3
a: Minor Destruction, Lesser Servant of Makhleb, Major Destruction, Renounce
Religion


You were in the Dungeon.
You worshipped Makhleb.
Makhleb was extremely pleased with you.
You were not hungry.

You visited 1 branch

Inventory:

Hand weapons
 i - the +∞,+∞ Axe of Woe (weapon)
   (You found it in the Dungeon)
Armour
 a - a +0 robe (worn)
Comestibles
 b - 2 bread rations
Scrolls
 h - a scroll of blinking
Potions
 c - a potion of curing
 d - a potion of heal wounds
 e - a potion of speed
 f - 2 potions of magic
 g - a potion of berserk rage


   Skills:
 + Level 24.8 Fighting
 + Level 20.1 Dodging
 + Level 20.1 Stealth
 - Level 4.0 Unarmed Combat


You had 14 spell levels left.
You didn't know any spells.

Dungeon Overview and Level Annotations

Branches:
Dungeon (1/1)

Altars:
Makhleb


Innate Abilities, Weirdness & Mutations

You have hooves in place of feet.
Armour fits poorly on your strangely shaped body.
You digest meat inefficiently.
You cover ground very quickly.
You have a fast metabolism.
You have extremely tough skin (AC +3).


Message History

You hear a shout! 2 ogres come into view.
You fatally mangle the meat berserker.
You kill the meat berserker!
Makhleb accepts your kill.
You feel a little better.
Your Dodging skill increases to level 20!
Your Stealth skill increases to level 20!
You hear a shout!
The meat berserker hits you with a +9,+9 battleaxe!
Ouch! That really hurt!
The bag of meat hits you with a +9,+9 war axe!
You hear a shout!
The large bag of meat appears out of thin air!
A large bag of meat comes into view.
It is wielding a +9,+9 giant spiked club.
You hear a shout!
The bag of meat hits you with a +9,+9 war axe!
* * * LOW HITPOINT WARNING * * *
The meat berserker hits you with a +9,+9 battleaxe!
You die...

. #... ..# ....###...
..###.
..........###......
...#........_......
..#..o....#.....#
..........#_.<._# .
#.......#.....#...
.....#.OO.).)._......
...O...o@)..)###......
........###o......###.
....... #.......#
....... #.......#
#...... .........
#.#... ........ #...C
........ #... ..... .
.


You could see a large bag of meat (inner flame), 3 meat berserkers and 3 bags of
meat.

Vanquished Creatures
  5 ogres (D)
  4 orcs (D)
9 creatures vanquished.

Notes
Turn   | Place    | Note
--------------------------------------------------------------
     0 | D        | Misa, the Centaur Monk, began the quest for the Orb.
     0 | D        | Reached XP level 1. HP: 17/17 MP: 0/0
     4 | D        | Became a worshipper of Makhleb the Destroyer
     4 | D        | Acquired Makhleb's first power
     4 | D        | Acquired Makhleb's second power
     5 | D        | Noticed a bag of meat
     6 | D        | Noticed a meat berserker
     6 | D        | Noticed a bag of meat
     6 | D        | Noticed a meat berserker
     7 | D        | Killed a meat berserker
     7 | D        | Reached skill level 16 in Fighting
     7 | D        | Reached XP level 2. HP: 25/28 MP: 1/1
     7 | D        | Reached XP level 3. HP: 32/36 MP: 2/2
     7 | D        | Reached XP level 4. HP: 40/45 MP: 2/2
     7 | D        | Reached XP level 5. HP: 46/52 MP: 3/3
     7 | D        | Reached XP level 6. HP: 53/61 MP: 4/4
     7 | D        | Reached XP level 7. HP: 59/69 MP: 4/4
     7 | D        | Reached XP level 8. HP: 66/78 MP: 5/5
     7 | D        | Reached XP level 9. HP: 71/85 MP: 6/6
     7 | D        | Reached XP level 10. HP: 78/94 MP: 6/6
     7 | D        | Reached XP level 11. HP: 84/102 MP: 7/7
     8 | D        | Noticed a bag of meat
     8 | D        | Noticed a bag of meat
     9 | D        | Killed a bag of meat
     9 | D        | Reached skill level 18 in Fighting
     9 | D        | Reached XP level 12. HP: 110/114 MP: 8/8
     9 | D        | Killed a bag of meat
     9 | D        | Reached skill level 19 in Fighting
     9 | D        | Reached skill level 15 in Dodging
     9 | D        | Reached skill level 15 in Stealth
     9 | D        | Reached XP level 13. HP: 121/124 MP: 8/8
    10 | D        | Killed a meat berserker
    10 | D        | Acquired Makhleb's third power
    10 | D        | Reached skill level 20 in Fighting
    11 | D        | Killed a bag of meat
    11 | D        | Reached skill level 21 in Fighting
    11 | D        | Reached XP level 14. HP: 134/137 MP: 9/9
    11 | D        | Killed a bag of meat
    11 | D        | Reached skill level 22 in Fighting
    12 | D        | Noticed a bag of meat
    12 | D        | Noticed a meat berserker
    12 | D        | Noticed a meat berserker
    12 | D        | Noticed a meat berserker
    12 | D        | Noticed a bag of meat
    14 | D        | Noticed a bag of meat
    14 | D        | Noticed a meat berserker
    15 | D        | Killed a meat berserker
    15 | D        | Acquired Makhleb's fourth power
    15 | D        | Reached skill level 23 in Fighting
    15 | D        | Reached XP level 15. HP: 147/149 MP: 10/10
    15 | D        | Killed a meat berserker
    15 | D        | Reached skill level 24 in Fighting
    16 | D        | Noticed a meat berserker
    16 | D        | Noticed a meat berserker
    16 | D        | Killed a meat berserker
    16 | D        | Annihilated by a meat berserker

Action                   |  1- 3 |  4- 6 |  7- 9 | 10-12 | 13-15 || total
-------------------------+-------+-------+-------+-------+-------++-------
Melee: Executioner's axe |     1 |       |       |     1 |     4 ||     6
